AoeStats
← martin.fischer.ac

Black Forest

506467198Analyzed
3v3 RM · 19d ago on Sep 13, 2026· 73m 0s· 6 players
Game mode
Random Map
Map size
Normal (6 player)
Population
200
Speed
Normal
Resources
Standard
Victory
Conquest
Starting age
Dark Age
Ending age
Imperial Age
RankedLock teamsTeams togetherTeam positionsShared explorationLock speedFull tech treeHidden civsTurbo modeCheats
Victory
Defeat
🇩🇪 Britons · Germany
856
+9
🇺🇸 Aztecs · United States
808
+11
🇦🇷 Franks · Argentina
772
+11
🇧🇪 Huns · Belgium
696
-11
🇵🇱 Bohemians · Poland
682
-10
🇧🇪 Burgundians · Belgium
676
-19
eric.ashmore
12:25 Feudal Age
13:46 Wheelbarrow
13:12 Double-Bit Axe
13:10 Horse Collar
25:41 Castle Age
23:51 Stone Mining
24:05 Gold Mining
24:23 Scale Mail Armor
25:45 Forging
27:39 Bow Saw
27:33 Heavy Plow
30:10 Squires
30:09 Eagle Warrior
31:52 Hand Cart
32:00 Hand Cart
39:51 Imperial Age
40:22 Caravan
41:05 Conscription
40:56 Elite Jaguar Warrior
41:57 Garland Wars
42:44 Chain Mail Armor
43:05 Iron Casting
42:27 Arson
45:37 Plate Mail Armor
46:08 Blast Furnace
49:05 Crop Rotation
49:21 Gold Shaft Mining
49:22 Stone Shaft Mining
65:05 Chemistry
64:01 Murder Holes
64:17 Fortified Wall
pizzeroloco
0:26 Loom
13:09 Feudal Age
14:07 Double-Bit Axe
21:43 Wheelbarrow
23:29 Town Watch
25:53 Castle Age
24:43 Gold Mining
25:14 Scale Barding Armor
25:20 Forging
26:50 Husbandry
29:31 Gold Shaft Mining
30:21 Chain Barding Armor
30:37 Iron Casting
42:07 Hand Cart
martin.fischer.ac
1:55 Loom
14:07 Feudal Age
16:08 Double-Bit Axe
18:30 Castle Age
16:20 Horse Collar
22:13 Wheelbarrow
22:10 Fletching
26:44 Hand Cart
28:51 Padded Archer Armor
30:48 Gold Mining
32:03 Stone Mining
32:35 Bow Saw
33:29 Heavy Plow
36:30 Imperial Age
34:31 Pikeman
35:11 Squires
34:57 Arson
35:37 Caravan
36:32 Crossbowman
36:34 Elite Skirmisher
38:51 Conscription
38:54 Yeomen
39:06 Yeomen
38:50 Warwolf
38:14 Elite Longbowman
38:35 Capped Ram
39:45 Ballistics
41:38 Bodkin Arrow
43:10 Chemistry
43:44 Warwolf
49:18 Gold Shaft Mining
55:10 Fortified Wall
54:50 Guard Tower
67:20 Onager
MyR3alName
0:41 Loom
17:20 Feudal Age
21:33 Man-at-Arms
33:55 Castle Age
41:27 Forging
41:18 Scale Mail Armor
El ToRo LoCo
7:59 Loom
12:18 Feudal Age
12:41 Horse Collar
12:48 Double-Bit Axe
13:40 Wheelbarrow
18:52 Gold Mining
23:40 Castle Age
22:01 Stone Mining
24:43 Bow Saw
24:36 Heavy Plow
25:13 Gold Shaft Mining
24:35 Town Watch
25:07 Husbandry
27:46 Hand Cart
28:51 Caravan
29:19 Scale Barding Armor
29:16 Padded Archer Armor
30:59 Masonry
31:15 Chain Barding Armor
31:10 Forging
31:00 Scale Mail Armor
30:52 Fletching
35:47 Imperial Age
34:33 Marauders
34:09 Pikeman
34:49 Squires
34:55 Town Patrol
37:40 Atheism
38:34 Conscription
39:18 Halberdier
41:20 Cavalier
46:00 Elite Tarkan
46:09 Elite Skirmisher
48:19 Parthian Tactics
50:00 Leather Archer Armor
49:40 Bodkin Arrow
50:21 Iron Casting
55:20 Heavy Cavalry Archer
57:42 Chemistry
57:03 Ballistics
57:01 Chain Mail Armor
58:21 Chain Barding Armor
59:02 Blast Furnace
58:37 Paladin
63:24 Plate Barding Armor
70:59 Sappers
71:12 Light Cavalry
72:37 Bloodlines
72:02 Hussar
D a V ! P e R ^
9:08 Wheelbarrow
9:58 Double-Bit Axe
12:04 Feudal Age
13:39 Bow Saw
13:15 Horse Collar
14:28 Heavy Plow
19:48 Gold Mining
20:38 Hand Cart
21:07 Gold Shaft Mining
23:26 Stone Mining
26:08 Castle Age
24:43 Town Watch
24:45 Loom
25:30 Caravan
27:40 Stone Shaft Mining
29:07 Fletching
29:33 Forging
29:32 Town Patrol
31:18 Bodkin Arrow
35:02 Burgundian Vineyards
38:04 Imperial Age
35:53 Scale Barding Armor
35:49 Padded Archer Armor
37:15 Crop Rotation
37:49 Two-Man Saw
37:54 Iron Casting
37:21 Scale Mail Armor
37:42 Chain Barding Armor
37:37 Leather Archer Armor
39:24 Masonry
39:35 Ballistics
39:46 Treadmill Crane
39:54 Elite Coustillier
45:41 Chemistry
46:18 Husbandry
49:10 Architecture
50:21 Arson
50:37 Squires
53:21 Man-at-Arms
56:51 Blast Furnace
55:52 Bracer
71:17 Long Swordsman
Connection lost

Rejoining the realm…

Still unreachable

The connection could not be restored.

Session expired

The server has moved on; the page needs a fresh start.